 Dungeon Crawl Stone Soup version 0.30-a0-715-gdb4ae3ece1 (webtiles) character file.

Game seed: 13205544053395151249

3303 mopl the Frost Mage (level 9, -9/105 HPs)
             Began as a Green Draconian Ice Elementalist on Jan 23, 2023.
             Was an Initiate of Vehumet.
             Mangled by a death knight
             ... wielding a +0 battleaxe
              (15 damage)
             ... on level 8 of the Dungeon.
             The game lasted 00:14:06 (5971 turns).

mopl the Frost Mage (DrIE)                          Turns: 5971, Time: 00:14:06

Health: -9/105     AC: 16    Str: 10    XL:     9   Next: 70%
Magic:  13/21      EV: 13    Int: 20    God:    Vehumet [......]
Gold:   401        SH:  0    Dex: 12    Spells: 17/24 levels left

rFire   . . .      SeeInvis .    v - +2 spear (venom)
rCold   . . .      Faith    .    (no shield)
rNeg    . . .      Spirit   .    (body armour unavailable)
rPois   +          Reflect  .    (helmet restricted)
rElec   .          Harm     .    y - +0 cloak
rCorr   .          Rampage  .    (no gloves)
Will    .....                    (no boots) Stlth
                                 p - amulet of the acrobat
HPRegen 0.37/turn                (no ring)
MPRegen 0.17/turn                (no ring)

@: berserking, ice-armoured, freezing walls, studying Axes, very quick
A: breathe noxious fumes, AC +7, unfitting armour, poison resistance,
cold-blooded
a: Breathe Noxious Fumes, Renounce Religion


You were on level 8 of the Dungeon.
You worshipped Vehumet.
Vehumet was noncommittal.
You visited 2 branches of the dungeon, and saw 9 of its levels.
You also visited: Sewer.

You collected 401 gold pieces.

Inventory:

Hand Weapons
 e - the +3 short sword "Salewko" {pain, *Corrode Fly rF++ Str-2 SInv}
   (You found it on level 4 of the Dungeon)

   Str:       It affects your strength (-2).
   rF:        It greatly protects you from fire.
   SInv:      It lets you see invisible.
   Fly:       It grants you flight.
   *Corrode:  It may corrode you when you take damage.
 k - a +2 dagger of venom
 m - a +2 trident of protection
 v - a +2 spear of venom (weapon)
Missiles
 C - 8 poisoned darts
 E - 16 boomerangs of dispersal
Armour
 y - a +0 cloak (worn)
Jewellery
 p - an amulet of the acrobat (around neck)
 D - an amulet of guardian spirit
Wands
 t - a wand of digging (5)
 A - a wand of charming (10)
Scrolls
 b - a scroll of blinking {unknown}
 d - 3 scrolls of poison {unknown}
 f - 7 scrolls of teleportation
 g - 2 scrolls of identify
 h - a scroll of brand weapon {unknown}
 i - 3 scrolls of fog {unknown}
 j - 2 scrolls of amnesia {unknown}
 n - a scroll of vulnerability {unknown}
 q - 2 scrolls of magic mapping {unknown}
 s - a scroll of acquirement {unknown}
 w - a scroll of immolation {unknown}
Potions
 a - 5 potions of magic
 c - a potion of mutation {!q}
 l - a potion of haste
 o - 2 potions of brilliance
 u - 6 potions of flight
 x - a potion of might
 z - a potion of ambrosia
 B - a potion of curing
 F - a potion of invisibility


   Skills:
 + Level 3.4 Fighting
 + Level 3.4 Dodging
 - Level 1.7 Stealth
 + Level 8.3 Spellcasting
 + Level 9.7 Ice Magic
 + Level 3.1 Evocations


You had 17 spell levels left.
You knew the following spells:

 Your Spells              Type           Power      Damage    Failure   Level
a - Freeze                Ice            100%       1d10      1%          1
b - Frozen Ramparts       Ice            94%        1d15      1%          3
s - Ozocubu's Armour      Ice            47%        N/A       1%          3

Your spell library contained the following spells:

 Spells                   Type           Power      Damage    Failure   Level
 Magic Dart               Conj           32%        1d4       9%          1
 Summon Ice Beast         Ice/Summ       27%        N/A       11%         4
 Call Imp                 Summ           8%         N/A       12%         2
 Mephitic Cloud           Conj/Pois/Air  8%         N/A       24%         3


Dungeon Overview and Level Annotations

Branches:
Dungeon (8/15)             Temple (1/1) D:7           Sewer (visited)
   Lair: D:8-11

Altars:
Ashenzari
Cheibriados
Dithmenos
Elyvilon
Fedhas
Gozag
Kikubaaqudgha
Nemelex Xobeh
Ru
Trog
Uskayaw
Vehumet
Zin
The Shining One


Innate Abilities, Weirdness & Mutations

You can breathe blasts of noxious fumes.
Your lurid green scales are hard. (AC +7)
You cannot fit into any form of body armour.
Your system is resistant to poisons. (rPois)
You are cold-blooded and may be slowed by cold attacks.


Message History

Casting: Ozocubu's Armour (safe; 1% risk of failure)
Confirm with . or Enter, or press ? or * to list all spells.
A film of ice covers your body!
Casting: Ozocubu's Armour (safe; 1% risk of failure)
Confirm with . or Enter, or press ? or * to list all spells.
Casting: Frozen Ramparts (safe; 1% risk of failure)
Press: ? - help, Dir - look around, f - activate The walls around you are covered in ice.
The wall freezes the death knight.
You freeze the death knight.
The death knight is lightly wounded.
The wall freezes the yak!
The wall freezes the death knight but does no damage.
The death knight hits you with a +0 battleaxe!!
You freeze the death knight!
The death knight is lightly wounded.
The wall freezes the death knight!
The death knight hits you with a +0 battleaxe!
The wall freezes the yak!
You freeze the death knight!
The death knight is moderately wounded.
The wall freezes the death knight!
The death knight hits you with a +0 battleaxe!!
* * * LOW HITPOINT WARNING * * *
The wall freezes the yak!
Really quaff
r - a potion of berserk rage {!q}?
A red film seems to cover your vision as you go berserk!
You feel yourself moving faster!
You feel mighty!
The wall freezes the yak!
You kill the yak!
Vehumet accepts your kill.
The wall freezes the death knight.
The death knight hits you with a +0 battleaxe!!
* * * LOW HITPOINT WARNING * * *
Your Evocations skill increases to level 3!
You puncture the death knight!
You tail-slap the death knight, but do no damage.
The death knight is severely wounded.
The wall freezes the death knight.
The death knight hits you with a +0 battleaxe!
You die...

#....#......
#....#.###$.
#....#.#
#######..).#.#.
#..............
#.#############
#.# #p# #@# #.#
#.# #.# #.# #.#
#.# #.# #.#


You could see a death knight.

Vanquished Creatures
  A yak (D:8)
  Grum (D:8)
  A steam dragon (D:7)
  A vampire mosquito (D:5)
  2 sky beasts (D:7)
  A black bear (D:5)
  2 ogres
  A centaur (D:6)
  4 wolves
  A phantom (D:6)
  3 kobold brigands (D:7)
  3 scorpions
  A necrophage (D:5)
  2 gnoll sergeants (D:7)
  3 howler monkeys (D:7)
  2 jellies (D:5)
  6 orc priests (D:6)
  Crazy Yiuf (D:7)
  5 hounds
  A gnoll bouda (D:5)
  An iguana (D:4)
  4 orc wizards (D:6)
  13 adders
  27 gnolls
  6 river rats (Sewer)
  A shadow imp (D:6)
  2 white imps
  An ufetubus (D:5)
  4 worms
  A dart slug (D:2)
  12 orcs
  7 endoplasms
  4 giant cockroaches
  11 goblins
  2 hobgoblins
  16 jackals
  13 kobolds
  8 quokkas
  10 ball pythons
  10 bats
  5 frilled lizards
  4 rats
204 creatures vanquished.

Vanquished Creatures (others)
  A gnoll (D:5)
1 creature vanquished.

Grand Total: 205 creatures vanquished

Notes
Turn   | Place    | Note
-------+----------+-------------------------------------------
     0 | D:1      | mopl the Draconian Ice Elementalist began the quest for the
                  | Orb.
     0 | D:1      | Reached XP level 1. HP: 14/14 MP: 3/3
   170 | D:1      | Found a faded altar of an unknown god.
   187 | D:1      | Reached XP level 2. HP: 18/20 MP: 3/5
   633 | D:2      | You fall into a shaft and drop 2 floors!
   660 | D:4      | Identified the +3 short sword "Salewko" {pain, *Corrode Fly
                  | rF++ Str-2 SInv}
   755 | D:3      | Reached XP level 3. HP: 26/26 MP: 2/7
   784 | D:4      | Reached skill level 3 in Spellcasting
   882 | D:2      | Reached XP level 4. HP: 33/33 MP: 3/8
   917 | D:2      | Learned a level 3 spell: Frozen Ramparts
   941 | D:2      | Reached skill level 5 in Ice Magic
  1583 | D:3      | Reached XP level 5. HP: 34/38 MP: 4/10
  2245 | D:4      | Learned a level 3 spell: Ozocubu's Armour
  2407 | D:4      | Reached skill level 4 in Spellcasting
  2422 | D:4      | Noticed an ogre
  2639 | D:4      | Found a white marble altar of Elyvilon.
  2737 | D:4      | Killed an ogre
  2738 | D:4      | Reached skill level 6 in Ice Magic
  2738 | D:4      | Reached XP level 6. HP: 45/45 MP: 4/12
  2934 | D:4      | Found a broken altar of Ashenzari.
  2950 | D:5      | Entered Level 5 of the Dungeon
  3142 | D:4      | Reached skill level 5 in Spellcasting
  3199 | D:5      | Noticed a vampire mosquito
  3207 | D:5      | Killed a vampire mosquito
  3208 | D:5      | Your scales start taking on a lurid green colour.
  3208 | D:5      | Reached XP level 7. HP: 33/50 MP: 7/15
  3208 | D:5      | Gained mutation: Your system is resistant to poisons.
                  | (rPois) [Green Draconian growth]
  3211 | D:5      | Reached skill level 7 in Ice Magic
  3220 | D:5      | Reached skill level 6 in Spellcasting
  3230 | D:5      | Reached XP level 8. HP: 20/57 MP: 2/17
  3570 | D:5      | Found a sparkling altar of Nemelex Xobeh.
  3838 | D:6      | Reached skill level 8 in Ice Magic
  3914 | D:6      | Found a glowing golden altar of the Shining One.
  3942 | D:6      | Reached skill level 7 in Spellcasting
  3968 | D:6      | Found a glowing drain.
  4007 | Sewer    | Entered a sewer
  5097 | D:6      | Reached skill level 9 in Ice Magic
  5188 | D:7      | Found a hide-covered altar of Uskayaw.
  5221 | D:7      | Reached skill level 2 in Dodging
  5221 | D:7      | Reached XP level 9. HP: 48/63 MP: 20/20
  5232 | D:7      | Reached skill level 1 in Fighting
  5232 | D:7      | Reached skill level 1 in Evocations
  5412 | D:7      | Reached skill level 2 in Fighting
  5412 | D:7      | Reached skill level 8 in Spellcasting
  5502 | D:7      | Found a staircase to the Ecumenical Temple.
  5510 | D:7      | Reached skill level 2 in Evocations
  5515 | Temple   | Entered the Ecumenical Temple
  5520 | Temple   | Became a worshipper of Vehumet
  5621 | D:7      | Found a runed translucent door.
  5622 | D:7      | Noticed Crazy Yiuf
  5694 | D:7      | Noticed a +0 dagger
  5694 | D:7      | Noticed a +0 dagger
  5781 | D:7      | Killed Crazy Yiuf
  5818 | D:8      | Noticed Grum
  5828 | D:7      | Reached skill level 3 in Dodging
  5907 | D:8      | Reached skill level 3 in Fighting
  5909 | D:8      | Killed Grum
  5946 | D:8      | Noticed a death knight
  5971 | D:8      | Reached skill level 3 in Evocations
  5971 | D:8      | Mangled by a death knight

Illustrated notes

Levels and vault maps discovered:
D:1:      dpeg_arrival_erosion, layout_rooms,
          hellmonk_ecumenical_altar_pennies_from_heaven
D:2:      layout_rooms, chequers_arboretum
D:3:      layout_basic, nrook_mini_backslash, hangedman_feature_mirror
D:4:      layout_cave_pools, kennysheep_little_box,
          nicolae_elyvilon_peaceful_grove
D:5:      cheibrodos_helix_gallery, layout_rooms, mainiacjoe_overflow_paths
D:6:      layout_loops_cross, tso_metal_star, cheibrodos_sewer_entry_bend
D:7:      layout_basic, dancing_weapons_uskayaw,
          minmay_temple_entry_statues_fountains, minmay_unpleasant_kobolds,
          uniq_crazy_yiuf_cottage
D:8:      layout_basic, erik_lair_dragon, minmay_manual_moon, uniq_grum
Temple:   nicolae_temple_ecumenical_triangle

Skill      XL: |  1  2  3  4  5  6  7  8  9 |
---------------+----------------------------+-----
Spellcasting   | 3 4 5 6 7 8 |  8.3
Ice Magic      | 5 6 7 9 |  9.7
Dodging        | 2 3 |  3.4
Fighting       | 3 |  3.4
Evocations     | 3 |  3.1
Stealth        | |  1.7

Action                     |  1- 3 |  4- 6 |  7- 9 || total
---------------------------+-------+-------+-------++-------
  Melee: Unarmed           |    23 |       |       ||    23
         Tailslap          |     1 |     5 |    24 ||    30
         Short sword       |     2 |    53 |    13 ||    68
         Spear             |       |       |   206 ||   206
         Punch             |       |       |     2 ||     2
   Cast: Freeze            |    43 |    84 |    74 ||   201
         Frozen Ramparts   |       |     4 |    13 ||    17
         Ozocubu's Armour  |       |     2 |     3 ||     5
Ability: Breathe Noxious F |       |       |     1 ||     1
    Use: Scroll            |       |     6 |     4 ||    10
         Potion            |       |       |     2 ||     2
   Stab: Distracted        |     1 |       |     1 ||     2
         Sleeping          |       |       |     3 ||     3
 Armour: Skin              |    23 |    39 |    91 ||   153
  Dodge: Dodged            |    51 |    98 |   170 ||   319

Table legend: (Time is in decaauts)
 A = Elapsed time spent in this place.
 B = Non-inter-level travel time spent in this place.
 C = Inter-level travel time spent in this place.
 D = Time resting spent in this place.
 E = Time spent auto-exploring this place.
 F = Levels seen in this place.
 G = Mean time per level.
                   A        B        C        D        E       F      G
               +--------+--------+--------+--------+--------+-----+--------+
         Total |   6157 |   5911 |    246 |    898 |   3448 |  10 |  615.7 |
       Dungeon |   5262 |   5022 |    240 |    737 |   2996 |   8 |  657.8 |
        Temple |     10 |      5 |      5 |      0 |      0 |   1 |   10.0 |
         Sewer |    883 |    883 |      0 |    161 |    452 |   1 |  883.0 |
               +--------+--------+--------+--------+--------+-----+--------+

Top non-repeatable levels by time:
     D:3: 1122 daAuts
   Sewer: 883 daAuts
     D:4: 855 daAuts
     D:6: 762 daAuts
     D:7: 709 daAuts
     D:1: 634 daAuts
     D:5: 616 daAuts
     D:2: 483 daAuts
     D:8: 78 daAuts
  Temple: 10 daAuts
